 Dungeon Crawl Stone Soup version 0.30-b1-2-g02819fbbbe (webtiles) character file.

Game seed: 17476584323061913213

9 Alarkh the Grasshopper (level 2, 22/22 HPs)
             Began as a Demonspawn Warper on May 25, 2023.
             Got out of the dungeon alive.
             The game lasted 00:00:31 (404 turns).

Alarkh the Grasshopper (Demonspawn Warper)           Turns: 404, Time: 00:00:32

Health: 22/22      AC:  4    Str: 11    XL:     2   Next: 3%
Magic:  5/5        EV: 11    Int: 14    God:
Gold:   23         SH:  0    Dex: 12    Spells: 5/5 levels left

rFire   . .          .
                       - Unarmed
rCold   . . .        (no shield)
rNeg    . . .        a - +0 leather armour
rPois   .            (no helmet)
rElec   .            (no cloak)
rCorr   .            e - +0 pair of gloves
SInv    .            (no boots)
Will    .....        (no amulet)
Stlth   +            (no ring)
HPRegen 0.23/turn    (no ring)
MPRegen 0.09/turn

%: no passive effects
@: no status effects
A: ignite blood 1
a: no special abilities


You escaped.
You visited 1 branch of the dungeon, and saw 1 of its levels.

You collected 23 gold pieces.

Inventory:

Missiles
 c - 7 boomerangs of dispersal (quivered)
Armour
 a - a +0 leather armour (worn)
 e - a +0 pair of gloves (worn)
Scrolls
 b - a scroll of blinking
 f - a scroll of identify {unknown}
Potions
 d - a potion of resistance {unknown}


   Skills:
 - Level 2.0 Fighting
 - Level 0.8 Throwing
 - Level 0.8 Armour
 - Level 1.7 Dodging
 + Level 2.5 Unarmed Combat
 - Level 2.0 Spellcasting
 - Level 2.6 Translocations


You had 5 spell levels left.
You didn't know any spells.
Your spell library contained the following spells:

 Spells                   Type           Power      Damage    Failure   Level
 Blink                    Tloc           16%        N/A       16%         2
 Lesser Beckoning         Tloc           16%        N/A       16%         2
 Teleport Other           Tloc           8%         N/A       30%         3
 Vhi's Electric Charge    Tloc/Air       10%        N/A       47%         3
 Manifold Assault         Tloc           8%         N/A       71%         4


Dungeon Overview and Level Annotations

Branches:
Dungeon (1/15)

Altars:


Innate Abilities, Weirdness & Mutations

Your demonic aura sometimes causes spilled blood to erupt in flames.


Message History

The bat barely misses you. The bat closely misses you.
The bat hits you but does no damage.
You miss the bat. The bat completely misses you.
The bat hits you but does no damage. The bat barely misses you.
The bat hits you but does no damage.
You see here 2 viscous cyan potions.
You closely miss the bat. The bat hits you but does no damage.
The bat misses you. The bat barely misses you. The bat closely misses you.
Things that are here:
a +0 dagger; a goblin corpse You hit the bat.
The bat is severely wounded.
The bat closely misses you. The bat barely misses you.
You closely miss the bat.
The bat is severely wounded.
The bat closely misses you.
You closely miss the bat.
The bat is severely wounded.
The bat barely misses you. The bat closely misses you.
You hit the bat.
You kill the bat!
No target in view!
No target in view!
No target in view!
No target in view!
No target in view!
No target in view!
No target in view!
No target in view!
No target in view!
No target in view!
No target in view!
No target in view!
No target in view!
There is an open door here.
There is a staircase leading out of the dungeon here.
Are you sure you want to leave the Dungeon?
This will make you lose the game!
You have escaped!

#.# #.#.# #......#
######### #.# #.#.#
###......# #.......#
#.####.#.#
#.........#
#.#####.# #....>.#.#
#.##...)..###.# #.#
.....###.#
#.............# #.#
....)....#
#########.#### #.#
.....#####
#.....#.#.#.. #.#
.....###
#.###.#.#.#.# #.#
........
#.#@..#.#.#.# #.#
##......
#.#####.#.#.# #.#
.###....
#.......#.#.# #.# ##
#....
#######.#.#.######.#
.####...
..................>#
..# ..
#.##############.#.#
.## #.# #.#.# ..##
###.# #.#.# ...#
###...# #.#.#


There were no monsters in sight!

Vanquished Creatures
  A ball python (D:1)
  2 goblins (D:1)
  A hobgoblin (D:1)
  A quokka (D:1)
  2 bats (D:1)
  A frilled lizard (D:1)
8 creatures vanquished.

Notes
Turn   | Place    | Note
-------+----------+-------------------------------------------
     0 | D:1      | Alarkh the Demonspawn Warper began the quest for the Orb.
     0 | D:1      | Reached XP level 1. HP: 16/16 MP: 3/3
   331 | D:1      | Gained mutation: Your demonic aura sometimes causes spilled
                  | blood to erupt in flames. [demonic ancestry]
   331 | D:1      | Reached XP level 2. HP: 18/22 MP: 5/5
   404 | D:$      | Got out of the dungeon alive.

Illustrated notes

Levels and vault maps discovered:
D:1:      matt_arrival_spirals, layout_basic, serial_shops,
          nicolae_shop_back_alley_shop, nicolae_figureground_sparkle

Skill      XL: |  1 |
---------------+----+-----
Unarmed Combat | 2 |  2.5
Fighting       | |  2.0
Throwing       | |  0.8
Armour         | |  0.8
Dodging        | |  1.7
Spellcasting   | |  2.0
Translocations | |  2.6

Action                     || total
---------------------------++-------
  Melee: Unarmed           ||    54
 Armour: Leather armour    ||    31
  Dodge: Dodged            ||    41
